 Dungeon Crawl Stone Soup version 0.31.0-11-ge490571c62 (webtiles) character file.

Game seed: 13071293037420184114

833 qw the Shooter (level 7, 0/35 HPs)
             Began as a Spriggan Hunter on Feb 4, 2024.
             Slain by a gnoll sergeant
             ... wielding a +0 spear
              (6 damage)
             ... on level 6 of the Dungeon.
             The game lasted 00:00:58 (3765 turns).

qw the Shooter (Spriggan Hunter)                    Turns: 3765, Time: 00:00:58

Health: 0/35       AC:  2    Str:  7    XL:     7   Next: 66%
Magic:  8/8        EV: 23    Int: 10    God:
Gold:   325        SH:  0    Dex: 21    Spells: 6/6 levels left

rFire   . . .        a - +1 shortbow (flame)
rCold   . . .        (shield currently unavailable)
rNeg    . . .        c - +0 robe
rPois   .            (helmet restricted)
rElec   .            (no cloak)
rCorr   .            (gloves unavailable)
SInv    +            (boots unavailable)
Will    +....        (no amulet)
Stlth   ++           (no ring)
HPRegen 0.25/turn    (no ring)
MPRegen 0.11/turn

%: no passive effects
@: very quick
A: very small, no large weapons, unfitting armour, see invisible, speed 3
a: no special abilities


You were on level 6 of the Dungeon.
You visited 1 branch of the dungeon, and saw 6 of its levels.

You collected 325 gold pieces.


Innate Abilities, Weirdness & Mutations

You are very small and have problems with some larger weapons.
You are too small for most types of armour.
You have supernaturally acute eyesight. (SInv)
You cover ground extremely quickly. (Speed+++)


   Skills:
 - Level 2.0 Fighting
 + Level 7.9 Ranged Weapons
 - Level 7.3 Dodging
 - Level 1.5 Stealth


You had 6 spell levels left.
You didn't know any spells.
Your spell library was empty.

Inventory:

Hand Weapons
 a - a +1 shortbow of flaming (weapon)
Armour
 c - a +0 robe (worn)
Wands
 d - a wand of flame (23)
 g - a wand of quicksilver (10)
Potions
 e - a potion of resistance
 h - a potion of curing {unknown}
 j - 2 potions of might
 l - 2 potions of mutation

Dungeon Overview and Level Annotations

Branches:
Dungeon (6/15)
 Temple: D:4-7

Altars:
Nemelex Xobeh


Message History

You shoot an arrow. The gnoll sergeant shouts!
The arrow hits the gnoll!
The arrow burns the gnoll.
You kill the gnoll!
A gnoll comes into view. It is wielding a +0 spear.
You shoot an arrow. The arrow closely misses the gnoll.
You shoot an arrow. The arrow closely misses the gnoll.
The arrow barely misses the gnoll.
You shoot an arrow. The arrow hits the gnoll.
The arrow burns the gnoll.
The gnoll is moderately wounded.
You shoot an arrow. The arrow barely misses the gnoll.
The arrow closely misses the gnoll.
You shoot an arrow. The arrow hits the gnoll!
The arrow burns the gnoll.
The gnoll is almost dead.
The gnoll sergeant hits you from afar with a +0 spear.
The gnoll misses you.
You shoot an arrow. The arrow barely misses the gnoll.
The gnoll closely misses you. The gnoll sergeant misses you.
The gnoll hits you with a +0 flail!
You shoot an arrow. The arrow barely misses the gnoll.
The gnoll completely misses you. The gnoll sergeant closely misses you.
The gnoll barely misses you.
You shoot an arrow. The arrow barely misses the gnoll.
The gnoll barely misses you.
The gnoll sergeant completely misses you.
The gnoll hits you with a +0 flail!
You shoot an arrow. The arrow closely misses the gnoll.
The gnoll completely misses you. The gnoll sergeant misses you.
The gnoll closely misses you.
You shoot an arrow. The arrow hits the gnoll.
The arrow burns the gnoll.
You kill the gnoll!
The gnoll sergeant closely misses you. The gnoll closely misses you.
You shoot an arrow.
The arrow hits the gnoll sergeant but does no damage.
The gnoll sergeant hits you from afar with a +0 spear!
The gnoll hits you from afar with a +0 spear.
You shoot an arrow.
The arrow barely misses the gnoll sergeant.
The gnoll sergeant hits you from afar with a +0 spear.
You die...

.../.##.. . #.......
#.##......# .......... .
..... ....).. . #...# ..
..gg . #...###.. .. #.#####
.##...........##@)...#
.....................#
.....................###
......##...#........(..#
.......#...#...!....##.###
...#...#...#.............#
...#...#...#........#......
...#.......#........#.#.#.#
.<.#...##.##........# # ...


You could see a gnoll sergeant and a gnoll.

Vanquished Creatures
  A basilisk (D:6)
  A black bear (D:6)
  A bullfrog (D:6)
  An orc priest (D:5)
  A bombardier beetle (D:4)
  3 jellies
  Jessica (D:3)
  Natasha (D:3)
  A sleepcap (D:6)
  An iguana (D:5)
  An orc wizard (D:5)
  9 gnolls
  6 adders
  A shadow imp (D:6)
  A white imp (D:5)
  2 ufetubi (D:6)
  4 dart slugs
  5 orcs
  3 bats
  6 endoplasms
  3 giant cockroaches
  19 goblins
  8 hobgoblins
  2 jackals (D:5)
  2 quokkas
  8 ball pythons
  7 frilled lizards
  3 kobolds
  5 rats
107 creatures vanquished.

Notes
Turn   | Place    | Note
-------+----------+-------------------------------------------
     0 | D:1      | qw the Spriggan Hunter began the quest for the Orb.
     0 | D:1      | Reached XP level 1. HP: 10/10 MP: 2/2
     0 | D:1      | 0 ||| qw: Version: 0.3-a-160-g6735b56
     0 | D:1      | 0 ||| qw: Game counter: 6040
     0 | D:1      | 0 ||| qw: Melee chars always use a shield: true
     0 | D:1      | 0 ||| qw: God list: Okawaru
     0 | D:1      | 0 ||| qw: Allow faded altars: false
     0 | D:1      | 0 ||| qw: Do Orc after clearing Dungeon:15 true
     0 | D:1      | 0 ||| qw: Do second Lair branch before Depths: true
     0 | D:1      | 0 ||| qw: Lair rune preference: random
     0 | D:1      | 0 ||| qw: Goals: Normal
     0 | D:1      | 0 ||| PLANNING D:1-11
   117 | D:1      | Reached skill level 3 in Dodging
   226 | D:1      | Reached XP level 2. HP: 14/14 MP: 3/3
   317 | D:1      | You fall into a shaft and drop 1 floor!
   439 | D:2      | 439 ||| READING 3 scrolls labelled RANUPT RIMACH.
   440 | D:2      | 440 ||| READING scroll labelled LOLEAZX FUDOIQ.
   541 | D:2      | 541 ||| READING 3 scrolls labelled BITROE KYHATSUQE.
   541 | D:2      | 541 ||| IDENTIFYING black potion
   542 | D:2      | 542 ||| READING 2 scrolls of identify.
   542 | D:2      | 542 ||| IDENTIFYING yellow potion
   543 | D:2      | 543 ||| READING scroll of identify.
   543 | D:2      | 543 ||| IDENTIFYING 2 viscous puce potions
   544 | D:2      | 544 ||| READING scroll labelled DIUL QEMURO.
   548 | D:2      | 548 ||| READING scroll labelled JIUWEPL QAYSMA.
   548 | D:2      | 548 ||| BRANDING +0 shortbow.
   549 | D:2      | 549 ||| READING scroll labelled BOMUAT JEAB.
   549 | D:2      | 549 ||| ENCHANTING +0 shortbow of flaming.
   550 | D:2      | 550 ||| DRINKING 2 clear potions.
   551 | D:2      | 551 ||| DROPPING scroll of butterflies.
   552 | D:2      | 552 ||| DROPPING 2 scrolls of amnesia.
   553 | D:2      | 553 ||| DROPPING potion of attraction.
   554 | D:2      | 554 ||| Stepping randomly (stuck).
   555 | D:2      | 555 ||| Stepping randomly (stuck).
   556 | D:2      | 556 ||| Stepping randomly (stuck).
   557 | D:2      | 557 ||| Stepping randomly (stuck).
   558 | D:2      | 558 ||| Stepping randomly (stuck).
   559 | D:2      | 559 ||| Stepping randomly (stuck).
   560 | D:2      | 560 ||| Stepping randomly (stuck).
   561 | D:2      | 561 ||| Stepping randomly (stuck).
   562 | D:2      | 562 ||| Stepping randomly (stuck).
   563 | D:2      | 563 ||| Stepping randomly (stuck).
   564 | D:2      | 564 ||| Stepping randomly (stuck).
   565 | D:2      | 565 ||| Stepping randomly (stuck).
   566 | D:2      | 566 ||| Stepping randomly (stuck).
   567 | D:2      | 567 ||| Stepping randomly (stuck).
   568 | D:2      | 568 ||| Stepping randomly (stuck).
   569 | D:2      | 569 ||| Stepping randomly (stuck).
   570 | D:2      | 570 ||| Stepping randomly (stuck).
   571 | D:2      | 571 ||| Stepping randomly (stuck).
   572 | D:2      | 572 ||| Stepping randomly (stuck).
   573 | D:2      | 573 ||| Stepping randomly (stuck).
   574 | D:2      | 574 ||| Stepping randomly (stuck).
   575 | D:2      | 575 ||| Stepping randomly (stuck).
   576 | D:2      | 576 ||| Stepping randomly (stuck).
   577 | D:2      | 577 ||| Stepping randomly (stuck).
   578 | D:2      | 578 ||| Stepping randomly (stuck).
   579 | D:2      | 579 ||| Stepping randomly (stuck).
   580 | D:2      | 580 ||| Stepping randomly (stuck).
   581 | D:2      | 581 ||| Stepping randomly (stuck).
   582 | D:2      | 582 ||| Stepping randomly (stuck).
   583 | D:2      | 583 ||| Stepping randomly (stuck).
   584 | D:2      | 584 ||| Stepping randomly (stuck).
   585 | D:2      | 585 ||| Stepping randomly (stuck).
   586 | D:2      | 586 ||| Stepping randomly (stuck).
   587 | D:2      | 587 ||| Stepping randomly (stuck).
   588 | D:2      | 588 ||| Stepping randomly (stuck).
   589 | D:2      | 589 ||| Stepping randomly (stuck).
   590 | D:2      | 590 ||| Stepping randomly (stuck).
   591 | D:2      | 591 ||| Stepping randomly (stuck).
   592 | D:2      | 592 ||| Stepping randomly (stuck).
   593 | D:2      | 593 ||| Stepping randomly (stuck).
   594 | D:2      | 594 ||| Stepping randomly (stuck).
   595 | D:2      | 595 ||| Stepping randomly (stuck).
   596 | D:2      | 596 ||| Stepping randomly (stuck).
   597 | D:2      | 597 ||| Stepping randomly (stuck).
   598 | D:2      | 598 ||| Stepping randomly (stuck).
   599 | D:2      | 599 ||| Stepping randomly (stuck).
   600 | D:2      | 600 ||| Stepping randomly (stuck).
   601 | D:2      | 601 ||| Stepping randomly (stuck).
   602 | D:2      | 602 ||| Stepping randomly (stuck).
   603 | D:2      | 603 ||| Stepping randomly (stuck).
   604 | D:2      | 604 ||| Stepping randomly (stuck).
   605 | D:2      | 605 ||| Stepping randomly (stuck).
   606 | D:2      | 606 ||| Stepping randomly (stuck).
   607 | D:2      | 607 ||| Stepping randomly (stuck).
   608 | D:2      | 608 ||| Stepping randomly (stuck).
   609 | D:2      | 609 ||| Stepping randomly (stuck).
   610 | D:2      | 610 ||| Stepping randomly (stuck).
   611 | D:2      | 611 ||| Stepping randomly (stuck).
   612 | D:2      | 612 ||| Stepping randomly (stuck).
   613 | D:2      | 613 ||| Stepping randomly (stuck).
   614 | D:2      | 614 ||| Stepping randomly (stuck).
   615 | D:2      | 615 ||| Stepping randomly (stuck).
   616 | D:2      | 616 ||| Stepping randomly (stuck).
   617 | D:2      | 617 ||| Stepping randomly (stuck).
   618 | D:2      | 618 ||| Stepping randomly (stuck).
   619 | D:2      | 619 ||| Stepping randomly (stuck).
   620 | D:2      | 620 ||| Stepping randomly (stuck).
   621 | D:2      | 621 ||| Stepping randomly (stuck).
   622 | D:2      | 622 ||| Stepping randomly (stuck).
   623 | D:2      | 623 ||| Stepping randomly (stuck).
   624 | D:2      | 624 ||| Stepping randomly (stuck).
   630 | D:2      | 630 ||| FLEEEEING.
   631 | D:2      | 631 ||| FLEEEEING.
   632 | D:2      | 632 ||| FLEEEEING.
   633 | D:2      | 633 ||| FLEEEEING.
   634 | D:2      | 634 ||| FLEEEEING.
   635 | D:2      | 635 ||| FLEEEEING.
   636 | D:2      | 636 ||| FLEEEEING.
   637 | D:2      | 637 ||| FLEEEEING.
   638 | D:2      | 638 ||| FLEEEEING.
   639 | D:2      | 639 ||| FLEEEEING.
   640 | D:2      | 640 ||| FLEEEEING.
   641 | D:2      | 641 ||| FLEEEEING.
   861 | D:1      | Reached XP level 3. HP: 18/18 MP: 4/4
  1164 | D:1      | 1164 ||| READING scroll labelled FUSUQOAMYAZARUE.
  1165 | D:1      | 1165 ||| READING scroll labelled EGYXOMN ZUNIO.
  1635 | D:2      | 1635 ||| DROPPING +6 ring of intelligence.
  1718 | D:3      | Noticed Jessica
  1721 | D:3      | Killed Jessica
  1722 | D:3      | Reached XP level 4. HP: 22/22 MP: 5/5
  1881 | D:3      | Noticed Natasha
  1884 | D:3      | 1884 ||| FLEEEEING.
  1885 | D:3      | 1885 ||| FLEEEEING.
  1887 | D:3      | 1887 ||| FLEEEEING.
  1888 | D:3      | 1888 ||| FLEEEEING.
  1889 | D:3      | 1889 ||| FLEEEEING.
  1890 | D:3      | 1890 ||| FLEEEEING.
  1891 | D:3      | 1891 ||| FLEEEEING.
  1892 | D:3      | 1892 ||| FLEEEEING.
  1893 | D:3      | 1893 ||| FLEEEEING.
  1894 | D:3      | 1894 ||| FLEEEEING.
  1896 | D:3      | 1896 ||| FLEEEEING.
  1897 | D:3      | 1897 ||| FLEEEEING.
  1902 | D:3      | Killed Natasha
  1928 | D:3      | Found a sparkling altar of Nemelex Xobeh.
  2262 | D:3      | 2262 ||| DROPPING ring of wizardry.
  2421 | D:4      | Reached XP level 5. HP: 26/26 MP: 6/6
  2656 | D:4      | 2656 ||| READING scroll of identify.
  2656 | D:4      | 2656 ||| IDENTIFYING lumpy purple potion
  2657 | D:4      | 2657 ||| READING scroll labelled IRAUJU RIUJEE.
  2657 | D:4      | 2657 ||| ENCHANTING +1 shortbow of flaming.
  2658 | D:4      | 2658 ||| DROPPING potion of ambrosia.
  2775 | D:4      | HP: 5/26 [poisoned by an adder]
  2779 | D:4      | HP: 2/26 [poisoned by an adder]
  3041 | D:4      | Reached skill level 6 in Ranged Weapons
  3154 | D:4      | 3154 ||| READING scroll labelled SIGOMO GYGA.
  3165 | D:5      | Entered Level 5 of the Dungeon
  3238 | D:5      | Reached XP level 6. HP: 30/30 MP: 7/7
  3243 | D:5      | 3243 ||| RETREEEEATING.
  3244 | D:5      | 3244 ||| RETREEEEATING.
  3246 | D:5      | 3246 ||| RETREEEEATING.
  3253 | D:5      | Reached skill level 6 in Dodging
  3256 | D:5      | 3256 ||| DRINKING orange potion.
  3262 | D:5      | HP: 6/30 [orc/+0 hand axe (5)]
  3589 | D:5      | 3589 ||| READING 2 scrolls of identify.
  3589 | D:5      | 3589 ||| IDENTIFYING glowing inky potion
  3590 | D:5      | 3590 ||| READING scroll of identify.
  3590 | D:5      | 3590 ||| IDENTIFYING green potion
  3591 | D:5      | 3591 ||| DROPPING potion of degeneration.
  3613 | D:6      | Noticed a basilisk
  3614 | D:6      | 3614 ||| ZAPPING wand of quicksilver (11) at 4,-7
                  | (basilisk; floor).
  3615 | D:6      | Reached XP level 7. HP: 35/35 MP: 8/8
  3615 | D:6      | 3615 ||| DRINKING potion of haste.
  3625 | D:6      | Killed a basilisk
  3764 | D:6      | HP: 5/35 [gnoll/+0 spear[a gnoll sergeant] (5)]
  3765 | D:6      | Slain by a gnoll sergeant

Levels and vault maps discovered:
D:1:      psy_arrival_radial01, layout_basic, chequers_garden
D:2:      cheibrodos_helix_gallery, layout_basic
D:3:      layout_basic, general_overflow_altar, chequers_serial_rivers_marsh,
          uniq_jessica, uniq_natasha
D:4:      cheibrodos_greedy_goblins, layout_basic, small_statue_intersection
D:5:      layout_rooms, corexii_corridor_pit
D:6:      layout_basic, hangedman_decor_points

Skill      XL: |  1  2  3  4  5  6  7 |
---------------+----------------------+-----
Dodging        | 4 5 6 7 |  7.3
Ranged Weapons | 5 6 7 |  7.9
Fighting       | 2 |  2.0
Stealth        | |  1.5

Action                     |  1- 3 |  4- 6 |  7- 9 || total
---------------------------+-------+-------+-------++-------
   Fire: Shortbow          |    61 |   154 |    44 ||   259
  Evoke: Wand              |       |     1 |       ||     1
    Use: Scroll            |    10 |     5 |       ||    15
         Potion            |     1 |     1 |     1 ||     3
 Armour: Robe              |     3 |    30 |    10 ||    43
  Dodge: Dodged            |     5 |    56 |    20 ||    81

Table legend:
 A = Non-vault XP
 B = Vault XP
 C = Vault XP percentage of total XP
 D = Non-vault monster count
 E = Vault monster count
 F = Vault count percentage of total count
                 A         B        C        D         E       F
            +---------+---------+-------+---------+---------+-------
      Total |    1091 |     100 |   8.4 |      91 |      16 |  15.0
            +---------+---------+-------+---------+---------+-------
        D:1 |      35 |       0 |   0.0 |      15 |       0 |   0.0
        D:2 |      38 |       6 |  13.6 |      16 |       2 |  11.1
        D:3 |      37 |      73 |  66.4 |      13 |       2 |  13.3
        D:4 |     142 |      21 |  12.9 |      22 |      12 |  35.3
        D:5 |     286 |       0 |   0.0 |      15 |       0 |   0.0
        D:6 |     553 |       0 |   0.0 |      10 |       0 |   0.0
            +---------+---------+-------+---------+---------+-------
